 Dungeon Crawl Stone Soup version 0.20-a0-705-gbe8799e (webtiles) character file.

18 M4edhros the Sneak (level 2, 0/18 HPs)
             Began as an Octopode Artificer on Feb 21, 2017.
             Slain by a hound (4 damage)
             ... on level 4 of the Dungeon.
             The game lasted 00:01:41 (623 turns).

M4edhros the Sneak (Octopode Artificer)              Turns: 623, Time: 00:01:42

Health: 0/18       AC:  1    Str: 11    XL:     2   Next: 70%
Magic:  4/4        EV: 13    Int: 13    God:
Gold:   28         SH:  0    Dex: 12    Spells: 1/1 levels left

rFire    . . .     SeeInvis .   a - +0 short sword
rCold    . . .     Gourm    .   (no shield)
rNeg     . . .     Faith    .   (helmet restricted)
rPois    .         Spirit   .   (no amulet)
rElec    .         Reflect  .   (no ring)
rCorr    .         Harm     .   (no ring)
MR       .....                  (no ring)
Stlth    +++.......             (no ring)
Regen    0.1/turn               (no ring)
MPRegen  0.1/turn               (no ring)
                                (no ring)
                                (no ring)

@: no status effects
A: almost no armour, stealthy swim, amphibious, 8 rings, constrict 8, camouflage
1, gelatinous body 1
a: no special abilities


You were on level 4 of the Dungeon.
You were not hungry.

You visited 1 branch of the dungeon, and saw 4 of its levels.

You collected 28 gold pieces.

Inventory:

Hand Weapons
 a - a +0 short sword (weapon)
Jewellery
 r - an uncursed ring of see invisible {unknown}
Wands
 b - a wand of flame (15/48)
 c - a wand of enslavement (15/24)
 d - a wand of random effects (15/48)
Scrolls
 g - a scroll of amnesia {unknown}
 i - a scroll of remove curse {unknown}
 j - a scroll of immolation {unknown}
 o - a scroll of magic mapping {unknown}
 q - a scroll of recharging {unknown}
Potions
 e - a potion of brilliance {unknown}
 l - a potion of flight {unknown}
 n - a potion of berserk rage {unknown}
Comestibles
 f - a bread ration
 h - 6 fruits
 k - 2 meat rations
 m - a royal jelly
 p - a chunk of flesh


   Skills:
 - Level 1.0 Fighting
 - Level 1.0 Short Blades
 - Level 2.0 Dodging
 + Level 3.8 Stealth
 - Level 3.2 Evocations


You had one spell level left.
You didn't know any spells.

Dungeon Overview and Level Annotations

Branches:
Dungeon (4/15)
 Temple: D:4-7

Altars:


Innate Abilities, Weirdness & Mutations

You cannot wear most types of armour.
You are very stealthy in the water. (Stealth+)
You are amphibious.
You can wear up to eight rings at the same time.
You can use your tentacles to constrict eight enemies at once.
Your skin changes colour to match your surroundings (Stealth+).
Your rubbery body absorbs attacks. (AC +1, EV +1)


Message History

Found 9 arrows.
You see here 9 arrows.
A hound comes into view.
The hound barks!
The hound stops to sniff the ground.
You see here a scratched onyx ring.
r - a scratched onyx ring You hear the slow hiss of a very distant avalanche of sand.
The hound bites you.
You closely miss the hound. You grab the hound. You constrict the hound.
The hound bites you.
You hit the hound but do no damage.
The hound is lightly wounded.
You constrict the hound. The hound bites you. x2
* * * LOW HITPOINT WARNING * * *
You hit the hound. You squeeze the hound.
The hound is heavily wounded.
You constrict the hound, but do no damage.
The hound bites you but does no damage. The hound bites you.
You die...

######## ####......# #
###.......... ##.
###............ #...
####..............
.#....#.................
......h@................
#....######.............
##.# ##............ #.#
###.......... ##.#
###........ #..#
###..... #..# ####..
#..# ##. #.## #.


You could see a hound.

Vanquished Creatures
  2 worms (D:2)
  An orc (D:4)
  3 goblins
  A hobgoblin (D:2)
  2 bats (D:1)
  A frilled lizard (D:2)
  3 rats
13 creatures vanquished.

Notes
Turn   | Place    | Note
-------+----------+-------------------------------------------
     0 | D:1      | M4edhros the Octopode Artificer began the quest for the Orb.
     0 | D:1      | Reached XP level 1. HP: 13/13 MP: 3/3
   136 | D:2      | Reached XP level 2. HP: 18/18 MP: 4/4
   623 | D:4      | Slain by a hound

Vault maps used:
D:1:      saegor_arrival_simple_c, minmay_misc_feat_enclosed
D:2:      lemuel_upstairs_altar, nicolae_tso_carved_into_rock, uniq_jessica,
          uniq_robin
D:3:      serial_glass, glass_columns_c, glass_columns_c, minmay_liquid_box,
          uniq_crazy_yiuf_cottage, uniq_natasha, uniq_purgy
D:4:      nicolae_ossuary_entry_plus

Skill      XL: |  1  2 |
---------------+-------+-----
Stealth        | 2 3 |  3.8
Fighting       | |  1.0
Short Blades   | |  1.0
Dodging        | |  2.0
Evocations     | |  3.2

Action                   || total
-------------------------++-------
Melee: Short sword       ||    27
       Constrict         ||     7
       Tentacles         ||     5
 Stab: Sleeping          ||     8
Armor: Skin              ||     1
Dodge: Dodged            ||    12
